 Dungeon Crawl Stone Soup version 0.21.1-1-g345015f (webtiles) character file.

14 letownia2 the Poker (level 2, -1/22 HPs)
             Began as a Merfolk Skald on Mar 12, 2018.
             Slain by Terence
             ... wielding a +0 flail
              (11 damage)
             ... on level 2 of the Dungeon.
             The game lasted 00:01:43 (296 turns).

letownia2 the Poker (Merfolk Skald)                  Turns: 296, Time: 00:01:43

Health: -1/22      AC:  3    Str: 11    XL:     2   Next: 41%
Magic:  2/5        EV: 12    Int: 12    God:
Gold:   47         SH:  0    Dex: 13    Spells: 2/5 levels left

rFire    . . .     SeeInvis .   o - +0 trident
rCold    . . .     Gourm    .   (no shield)
rNeg     . . .     Faith    .   b - +0 leather armour
rPois    .         Spirit   .   (no helmet)
rElec    .         Reflect  .   (no cloak)
rCorr    .         Harm     .   (no gloves)
MR       .....                  (no boots)
Stlth    +.........             (no amulet)
HPRegen  0.07/turn              (no ring)
MPRegen  0.09/turn              (no ring)

@: shrouded
A: change form in water, swift swim, stealthy swim
a: no special abilities


You were on level 2 of the Dungeon.
You were not hungry.

You visited 1 branch of the dungeon, and saw 2 of its levels.

You collected 47 gold pieces.

Inventory:

Hand Weapons
 a - a +0 spear
 o - a +0 trident (weapon)
Armour
 b - a +0 leather armour (worn)
 i - a +0 buckler
Scrolls
 e - a scroll of magic mapping {unknown}
 h - a scroll of remove curse {unknown}
 j - a scroll of fog {unknown}
 l - a scroll of enchant weapon {unknown}
 m - a scroll of teleportation {unknown}
Potions
 f - a potion of brilliance {unknown}
 g - a potion of haste {unknown}
 k - 2 potions of curing {unknown}
 n - a potion of might {unknown}
Books
 c - a book of Battle

   Spells                             Type                      Level
   a - Infusion                       Charms                       1
   b - Shroud of Golubria             Charms/Translocation         2
   c - Song of Slaying                Charms                       2
   d - Spectral Weapon                Hexes/Charms                 3
   e - Regeneration                   Charms/Necromancy            3
Comestibles
 d - 2 rations


   Skills:
 - Level 2.1 Fighting
 - Level 4.2 Polearms
 - Level 0.6 Armour
 - Level 2.6 Dodging
 - Level 2.0 Spellcasting
 - Level 3.2 Charms
 + Level 0.3 Translocations


You had 2 spell levels left.
You knew the following spells:

 Your Spells              Type           Power        Failure   Level  Hunger
a - Infusion              Chrm           #...         10%         1    ##.....
t - Shroud of Golubria    Chrm/Tloc      #.........   26%         2    ###....


Dungeon Overview and Level Annotations

Branches:
Dungeon (2/15)

Altars:
Kikubaaqudgha

Annotations:
D:2 Terence


Message History

Press: ? - help, Dir - move target cursor, f/p - Terence
Aim: Terence, wielding a flail and wearing a scale mail (moderately wounded)
You hit Terence.
Terence is heavily wounded.
Terence barely misses you.
Attack whom?
Press: ? - help, Dir - move target cursor, f/p - Terence
Aim: Terence, wielding a flail and wearing a scale mail (heavily wounded)
You hit Terence.
Terence is severely wounded.
Terence barely misses you.
Unknown command.
Attack whom?
Press: ? - help, Dir - move target cursor, f/p - Terence
Aim: Terence, wielding a flail and wearing a scale mail (severely wounded)
You hit Terence.
Terence is almost dead.
Terence hits you with a flail!
Ouch! That really hurt!
You die...

##.####....##.## #.#
##.......#
#w###........#
#.....#......#
#..##....###.#
#..###.#.# #.# ....#
#w#.# #.# ###.#
#.#.###.#
#.#.@@w.########
#.#####......... #.#
#.########
.###.###.#####.#
............##.#######
####.......w.w........
###################


You could see Terence and a worm.

Vanquished Creatures
  A dart slug (D:2)
  A leopard gecko (D:2)
  A giant cockroach (D:1)
  2 goblins
  2 bats
  3 kobolds
  A rat (D:2)
11 creatures vanquished.

Notes
Turn   | Place    | Note
-------+----------+-------------------------------------------
     0 | D:1      | letownia2 the Merfolk Skald began the quest for the Orb.
     0 | D:1      | Reached XP level 1. HP: 16/16 MP: 3/3
    98 | D:2      | Found an ancient bone altar of Kikubaaqudgha.
   128 | D:2      | Reached skill level 4 in Polearms
   128 | D:2      | Reached XP level 2. HP: 18/22 MP: 5/5
   136 | D:2      | Learned a level 2 spell: Shroud of Golubria
   253 | D:2      | Noticed Terence
   296 | D:2      | Slain by Terence

Skill      XL: |  1 |
---------------+----+-----
Polearms       | 4 |  4.2
Fighting       | |  2.1
Armour         | |  0.6
Dodging        | |  2.6
Spellcasting   | |  2.0
Charms         | |  3.2
Translocations | |  0.3

Action                   || total
-------------------------++-------
Melee: Spear             ||    34
       Trident           ||    14
 Cast: Shroud of Golubri ||     4
       Infusion          ||     1
Armor: Leather armour    ||     9
Dodge: Dodged            ||    22
